Map: 2000 Atmosphären LE

Players

Cheater-1 (Extrem) - Winner!

  • Race: Zerg Zerg

Luca

  • Race: Terran Terran

VOD

Have the link to the VOD?

Description

Time

  • Played on: March 14, 2022, 5:27 a.m.
  • Length: 10:48
Show
View Real Time Build Order
Export as new Build Order

Cheater-1 (Extrem) Zerg - Winner!

Build Orders: Hatch First 

Get SALT Encoding   

  12  0:00  Drone  
  13  0:11  Overlord  
  13  0:15  Drone  
  14  0:29  Drone x2  
  14  0:33  Drone  
  17  0:47  Hatchery  
  17  0:48  Drone  
  17  1:02  Spawning Pool  
  17  1:03  Extractor  
  15  1:04  Drone  
  15  1:07  Drone  
  17  1:16  Drone  
  18  1:26  Drone  
  19  1:37  Overlord  
  19  1:48  Drone  
  19  1:49  Queen  
  22  1:58  Zergling x2, Drone, Queen  
  26  2:01  Roach Warren  
  26  2:02  Extractor  
  24  2:09  Drone x2  
  26  2:20  Overlord, Drone  
  27  2:31  Drone x2  
  29  2:41  Zergling x4  
  31  2:52  Roach x2  
  31  2:55  Lair  
  31  2:56  Roach, Drone x2  
  39  3:03  Drone  
  39  3:04  Overlord, Drone, Spore Crawler  
  39  3:05  Roach, Drone  
  43  3:07  Spore Crawler  
  42  3:14  Drone x2  
  44  3:25  Drone x2  
  46  3:33  Drone  
  46  3:34  Drone x2  
  49  3:36  Overlord, Drone  
  49  3:37  Drone x2  
  52  3:52  Overlord  
  52  3:54  Drone  
  53  3:56  Infestation Pit  
  53  3:57  Drone  
  53  3:58  Drone  
  53  4:00  Hydralisk Den  
  53  4:02  Zergling x2, Drone x2  
  56  4:08  Overlord, Zergling x2, Drone  
  56  4:09  Overlord, Zergling x2  
  59  4:14  Overseer  
  59  4:20  Zergling x2, Roach  
  61  4:30  Hydralisk x2  
  61  4:31  Roach x2, Infestor  
  69  4:34  Hive  
  71  4:39  Drone  
  71  4:40  Overlord, Drone  
  71  4:42  Drone  
  71  4:43  Drone  
  62  4:52  Hydralisk  
  62  4:53  Drone  
  65  5:02  Overlord  
  65  5:03  Drone x3  
  65  5:05  Drone  
  69  5:09  Evolution Chamber  
  69  5:12  Roach, Drone x2, Evolution Chamber  
  71  5:15  Drone x2  
  71  5:25  Drone  
  71  5:26  Drone  
  73  5:34  Drone x3  
  76  5:36  Infestor  
  76  5:38  Drone  
  65  5:43  Hydralisk, Drone, Infestor  
  65  5:48  Zergling x4  
  72  5:56  Hatchery  
  71  5:58  Drone  
  71  5:59  Drone  
  73  6:05  Infestor  
  73  6:06  Zergling x4  
  73  6:09  Ultralisk Cavern, Overlord  
  73  6:11  Drone  
  77  6:16  Drone x3  
  80  6:21  Zergling x2, Drone  
  82  6:30  Baneling Nest  
  82  6:31  Drone  
  82  6:32  Drone, Evolution Chamber  
  76  6:38  Hatchery, Drone x3  
  76  6:39  Metabolic Boost  
  78  6:41  Extractor  
  78  6:42  Overlord  
  78  6:43  Extractor, Zergling x2  
  78  6:47  Overlord, Drone x2  
  77  6:49  Zerg Melee Weapons Level 1  
  80  6:54  Drone  
  80  6:55  Drone  
  81  7:01  Zerg Missile Weapons Level 1  
  81  7:04  Drone  
  81  7:05  Drone  
  81  7:08  Drone  
  74  7:12  Drone  
  74  7:13  Drone x2  
  74  7:15  Drone, Baneling x5  
  78  7:17  Drone, Baneling  
  78  7:18  Drone  
  78  7:19  Ultralisk, Drone x2  
  88  7:27  Drone x2  
  88  7:29  Drone  
  91  7:33  Baneling  
  91  7:35  Baneling  
  91  7:36  Baneling  
  91  7:38  Baneling, Drone x2  
  91  7:39  Baneling  
  91  7:40  Drone  
  91  7:41  Baneling  
  91  7:42  Baneling  
  91  7:43  Baneling  
  94  7:45  Baneling  
  94  7:46  Baneling  
  94  7:48  Drone, Baneling  
  94  7:49  Zergling x2  
  94  7:50  Drone  
  94  7:51  Drone  
  96  7:52  Drone x3  
  78  7:59  Extractor, Zergling x2  
  78  8:00  Roach  
  78  8:01  Roach  
  78  8:02  Drone  
  78  8:05  Extractor, Hatchery  
  80  8:06  Centrifugal Hooks  
  80  8:10  Drone x2  
  80  8:12  Drone  
  82  8:13  Drone  
  82  8:16  Zerg Ground Armor Level 1  
  83  8:20  Drone  
  83  8:21  Drone  
  83  8:22  Hydralisk  
  83  8:23  Ultralisk  
  83  8:24  Hydralisk, Drone x2  
  97  8:27  Baneling x2  
  97  8:28  Baneling x2  
  97  8:31  Zergling x2  
  97  8:32  Zergling x2  
  97  8:33  Drone  
  100  8:35  Drone  
  101  8:42  Drone x2  
  101  8:44  Drone  
  101  8:46  Drone  
  105  8:51  Pathogen Glands  
  105  8:53  Drone x2  
  105  8:54  Zergling x2  
  105  8:55  Hydralisk, Zergling x2  
  109  8:56  Zergling x2  
  109  8:57  Hydralisk  
  114  9:03  Overlord, Pneumatized Carapace  
  114  9:04  Ultralisk  
  114  9:06  Drone  
  114  9:08  Drone  
  122  9:12  Baneling  
  122  9:13  Baneling  
  122  9:14  Drone  
  122  9:15  Drone  
  122  9:16  Drone  
  125  9:17  Drone  
  125  9:19  Drone  
  125  9:22  Baneling  
  125  9:23  Burrow  
  127  9:25  Drone x2, Baneling  
  127  9:27  Ultralisk, Overlord, Zergling x4, Drone, Spine Crawler  
  127  9:31  Drone  
  138  9:32  Baneling  
  138  9:33  Baneling x2  
  138  9:35  Drone  
  138  9:36  Drone  
  138  9:37  Drone  
  141  9:38  Drone  
  141  9:41  Drone, Spine Crawler  
  141  9:42  Queen  
  141  9:45  Queen  
  144  9:46  Overlord  
  144  9:47  Drone  
  144  9:48  Drone  
  144  9:49  Drone  
  144  9:50  Queen  
  144  9:52  Drone  
  152  9:57  Zergling x4, Queen  
  152  9:59  Zergling x2  
  157  10:00  Ultralisk  
  157  10:01  Spine Crawler  
  157  10:02  Overseer, Drone  
  157  10:03  Spine Crawler  
  157  10:04  Hydralisk, Overlord, Ultralisk, Drone  
  165  10:15  Hydralisk  
  165  10:18  Drone, Spire  
  165  10:20  Overseer  
  165  10:21  Spore Crawler  
  164  10:22  Overlord, Hydralisk, Drone  
  164  10:23  Zergling x2, Drone, Spore Crawler  
  164  10:25  Hatchery  
  164  10:26  Drone  
  167  10:36  Extractor  
  167  10:38  Extractor  
  167  10:42  Spore Crawler  
  166  10:45  Spore Crawler  
  166  10:48  Spine Crawler  
Show
View Real Time Build Order
Export as new Build Order

Luca Terran 

Build Orders: 1/1/1 

Get SALT Encoding   

  12  0:01  SCV  
  13  0:13  SCV  
  14  0:17  Supply Depot  
  14  0:24  Refinery  
  14  0:28  SCV  
  15  0:40  SCV  
  16  0:47  Barracks  
  16  0:52  SCV  
  16  0:56  Refinery  
  17  1:04  SCV  
  18  1:16  SCV  
  20  1:34  Barracks Reactor  
  20  1:35  Factory  
  20  1:36  Orbital Command  
  19  1:47  Supply Depot  
  19  2:02  SCV  
  20  2:12  Marine x2  
  20  2:15  SCV  
  23  2:18  Factory Tech Lab  
  23  2:20  Starport  
  23  2:27  Armory  
  23  2:29  SCV  
  24  2:32  Marine  
  24  2:35  Marine  
  26  2:39  Widow Mine  
  26  2:42  SCV  
  29  2:47  Supply Depot  
  29  2:52  Marine x2  
  31  3:08  Medivac  
  31  3:09  Supply Depot, Widow Mine  
  31  3:10  Marine  
  36  3:13  Marine  
  36  3:17  Drilling Claws  
  37  3:28  Marine  
  37  3:30  Marine  
  37  3:31  Widow Mine  
  41  3:40  Supply Depot  
  41  3:46  Marine  
  41  3:47  Medivac  
  44  3:48  Marine  
  45  4:01  Command Center  
  45  4:06  Supply Depot  
  45  4:08  Marine  
  46  4:13  Widow Mine  
  46  4:15  Marine  
  40  4:26  Marine  
  40  4:28  SCV  
  40  4:32  Marine  
  40  4:34  Widow Mine  
  43  4:43  Marine  
  42  4:50  Marine  
  42  4:52  Medivac  
  45  4:58  Barracks  
  45  4:59  Barracks  
  45  5:02  Widow Mine  
  45  5:06  Marine  
  48  5:08  Marine  
  48  5:12  Orbital Command  
  49  5:26  Widow Mine  
  47  5:29  Marine x2  
  47  5:46  Barracks Tech Lab x2, Orbital Command  
  47  5:47  Marine x2, Siege Tank  
  47  5:49  SCV  
  49  5:56  Medivac  
  51  6:01  SCV  
  52  6:05  Marine x2  
  52  6:06  Marine x2  
  52  6:09  Stimpack  
  56  6:13  SCV x2  
  58  6:25  SCV, Marine x4  
  61  6:27  SCV  
  64  6:36  Combat Shield  
  64  6:38  SCV  
  64  6:39  SCV  
  66  6:43  Marine x2  
  66  6:46  Command Center  
  68  6:50  Medivac  
  68  6:53  Marine x2  
  72  6:57  SCV  
  72  6:58  SCV  
  74  7:10  Marine x2  
  74  7:11  SCV, Marine  
  78  7:15  Supply Depot  
  78  7:24  Barracks  
  78  7:25  SCV, Marine, Siege Tank  
  78  7:26  Barracks  
  78  7:28  Marine x2  
  85  7:31  SCV  
  85  7:37  Medivac  
  84  7:41  Marine  
  84  7:43  Marine  
  86  7:45  Marine  
  86  7:49  SCV  
  86  7:56  Marine  
  86  7:57  Siege Tank  
  86  7:58  SCV  
  67  7:59  Marine, Orbital Command  
  67  8:05  Marauder  
  63  8:08  SCV  
  64  8:14  Barracks Reactor  
  64  8:15  Marine x2  
  64  8:16  SCV  
  64  8:17  Marauder  
  69  8:20  SCV  
  69  8:24  Barracks Reactor  
  69  8:26  Marauder  
  73  8:28  SCV  
  73  8:29  Refinery  
  73  8:30  Refinery, Orbital Command  
  73  8:32  Marine  
  73  8:33  Marine  
  75  8:34  SCV  
  75  8:38  Marine  
  75  8:40  SCV  
  78  8:46  SCV  
  78  8:47  Marine, Engineering Bay  
  80  8:49  Engineering Bay  
  80  8:50  Marine  
  80  8:52  SCV  
  80  8:53  Marine x3  
  85  8:57  Marauder, Siege Tank  
  85  8:59  SCV  
  85  9:01  SCV  
  92  9:03  Marine x2  
  92  9:04  SCV  
  92  9:05  Marine  
  92  9:06  Medivac  
  92  9:08  Marine  
  99  9:11  SCV, Marine  
  99  9:12  Marine x2  
  99  9:13  SCV  
  99  9:16  SCV  
  105  9:17  Marine  
  105  9:22  Marine x2  
  108  9:25  Marine  
  109  9:31  Marine x2  
  109  9:32  SCV, Supply Depot  
  109  9:33  Siege Tank  
  109  9:37  Marine x3  
  118  9:41  Marine x2  
  118  9:42  SCV  
  118  9:43  Marine  
  122  9:45  Refinery  
  122  9:50  Marine x2  
  124  9:54  Sensor Tower  
  124  9:55  Marine  
  124  9:56  Armory  
  124  9:57  Marine x2  
  124  9:59  Marine  
  128  10:03  Marine x2  
  128  10:05  Siege Tank  
  133  10:23  Marine x6  
  133  10:25  Marine x2  
Tags
 
Add a new tag
Caveats
  • Supply blocks, unpowered buildings, or Contaminate may cause inaccurate times.
  • Supply counts are checked every 10 seconds.